General information
- name: BNet
- type: Ladder team game (AT/RT)
- host: Battle.net
- saver: Wasteland2.
map: Battleground
- players: 8
- length: 28:27
- speed: Fast
- version: 1.26 W3XP
- replay type: Public
» download(198 KB)
Players
team 1 (loser)

»
Ral (
blue | 46 APM | 1149 actions | 24:59)
6 Mountain King
3 Storm Bolt
1 Bash
1 Thunder Clap
1 Avatar
4 Blood Mage
2 Banish
2 Flame Strike
» actions
| Assign group hotkey | 20 | |
| Basic commands | 92 | |
| Build / train | 69 | |
| Enter build submenu | 28 | |
| Enter hero's abilities submenu | 10 | |
| Give item / drop item | 3 | |
| Remove unit from queue | 3 | |
| Right click | 345 | |
| Select / deselect | 265 | |
| Select group hotkey | 250 | |
| Use ability | 64 | |
1149 total
» units
| Peasant | 11 | |
| Footman | 3 | |
| Rifleman | 7 | |
| Gryphon Rider | 7 | |
28 total
» upgrades
| Defend | 1 | |
| Gunpowder | 2 | |
| Armor | 1 | |
| Long Rifles | 1 | |
| Storm Hammers | 1 | |
| Cloud | 1 | |
| Swords | 3 | |
| Lumber Harvesting | 1 | |
11 total
» buildings
| Altar of Kings | 1 | |
| Farm | 13 | |
| Barracks | 1 | |
| Blacksmith | 1 | |
| Lumber Mill | 1 | |
| Arcane Vault | 1 | |
| Keep | 1 | |
| Scout Tower | 4 | |
| Guard Tower | 4 | |
| Gryphon Aviary | 2 | |
| Castle | 1 | |
| Town Hall | 1 | |
31 total
» build order
00:11 Altar of Kings
00:13 Farm
00:18 Barracks
00:55 Farm
01:58 Farm
02:32 Blacksmith
03:01 Farm
03:15 Lumber Mill
04:08 Farm
04:41 Arcane Vault
05:45 Keep
06:30 Farm
06:34 Scout Tower
07:14 Guard Tower
07:33 Scout Tower
08:01 Guard Tower
08:12 Gryphon Aviary
08:35 Castle
09:04 Scout Tower
09:43 Guard Tower
10:04 Gryphon Aviary
10:32 Scout Tower
10:59 Farm
11:44 Guard Tower
11:50 Farm
12:16 Farm
15:43 Farm
16:28 Farm
17:22 Farm
20:11 Farm
20:57 Town Hall
» items
| Scroll of Regeneration | 4 | |
| Lesser Clarity Potion | 2 | |
| Scroll of Town Portal | 2 | |
| Orb of Fire | 1 | |
9 total
WizzardMulatart (
teal | 78 APM | 2034 actions | 26:13)
5 Archmage
3 Summon Water Elemental
2 Brilliance Aura
3 Paladin
2 Holy Light
1 Divine Shield
» actions
| Assign group hotkey | 37 | |
| Basic commands | 308 | |
| Build / train | 103 | |
| ESC pressed | 3 | |
| Enter build submenu | 33 | |
| Enter hero's abilities submenu | 8 | |
| Give item / drop item | 1 | |
| Remove unit from queue | 2 | |
| Right click | 375 | |
| Select / deselect | 372 | |
| Select group hotkey | 702 | |
| Use ability | 90 | |
2034 total
» units
| Peasant | 8 | |
| Rifleman | 21 | |
| Mortar Team | 10 | |
| Sorceress | 3 | |
| Priest | 5 | |
47 total
» upgrades
| Gunpowder | 3 | |
| Armor | 2 | |
| Long Rifles | 1 | |
| Lumber Harvesting | 1 | |
| Masonry | 1 | |
| Flare | 1 | |
| Sorceress Training | 2 | |
| Priest Training | 2 | |
| Fragmentation Shards | 1 | |
14 total
» buildings
| Altar of Kings | 1 | |
| Farm | 16 | |
| Blacksmith | 1 | |
| Barracks | 1 | |
| Lumber Mill | 2 | |
| Scout Tower | 8 | |
| Arcane Tower | 2 | |
| Guard Tower | 6 | |
| Keep | 1 | |
| Workshop | 1 | |
| Arcane Sanctum | 1 | |
| Castle | 1 | |
41 total
» build order
00:21 Altar of Kings
00:35 Farm
01:07 Blacksmith
01:12 Barracks
01:23 Lumber Mill
01:51 Farm
01:54 Scout Tower
02:23 Arcane Tower
02:23 Arcane Tower
02:40 Farm
03:04 Scout Tower
03:06 Scout Tower
03:08 Scout Tower
03:38 Guard Tower
03:39 Guard Tower
04:00 Farm
04:11 Guard Tower
04:51 Keep
06:30 Lumber Mill
07:14 Workshop
07:15 Arcane Sanctum
07:19 Farm
07:20 Farm
07:46 Farm
09:26 Farm
09:42 Farm
09:45 Farm
09:47 Farm
10:15 Castle
10:33 Scout Tower
10:44 Scout Tower
10:46 Scout Tower
10:52 Scout Tower
11:16 Guard Tower
11:45 Guard Tower
12:24 Farm
13:30 Farm
14:40 Guard Tower
16:51 Farm
16:52 Farm
16:53 Farm
» items
reefer.cheefer (
green | 42 APM | 1171 actions | 27:47)
4 Blademaster
2 Wind Walk
2 Critical Strike
4 Shadow Hunter
2 Healing Wave
2 Hex
» actions
| Build / train | 73 | |
| Enter build submenu | 22 | |
| Enter hero's abilities submenu | 8 | |
| Give item / drop item | 1 | |
| Remove unit from queue | 2 | |
| Right click | 570 | |
| Select / deselect | 385 | |
| Use ability | 110 | |
1171 total
» units
| Peon | 13 | |
| Grunt | 5 | |
| Raider | 4 | |
| Troll Batrider | 13 | |
35 total
» upgrades
| Pillage | 1 | |
| Ensnare | 1 | |
| Liquid Fire | 1 | |
| Ranged Weapons | 1 | |
4 total
» buildings
| Altar of Storms | 2 | |
| Orc Burrow | 8 | |
| Voodoo Lounge | 1 | |
| Barracks | 1 | |
| Stronghold | 1 | |
| War Mill | 1 | |
| Watch Tower | 5 | |
| Beastiary | 2 | |
| Fortress | 1 | |
| Great Hall | 1 | |
23 total
» build order
00:10 Altar of Storms
00:13 Orc Burrow
00:34 Voodoo Lounge
01:26 Barracks
01:48 Orc Burrow
03:42 Stronghold
03:53 War Mill
04:56 Orc Burrow
05:45 Watch Tower
05:49 Watch Tower
06:23 Beastiary
07:50 Orc Burrow
09:51 Fortress
09:55 Beastiary
11:31 Orc Burrow
11:35 Watch Tower
11:36 Watch Tower
12:20 Orc Burrow
12:25 Watch Tower
16:20 Orc Burrow
16:52 Orc Burrow
19:48 Great Hall
26:24 Altar of Storms
» items
| Healing Salve | 3 | |
| Lesser Clarity Potion | 8 | |
| Scroll of Speed | 8 | |
| Potion of Healing | 1 | |
| Orb of Lightning | 1 | |
21 total
Wasteland2. (
orange | 96 APM | 2720 actions | 28:27)
8 Archmage
3 Summon Water Elemental
2 Brilliance Aura
2 Blizzard
1 Mass Teleport
» actions
| Assign group hotkey | 72 | |
| Basic commands | 172 | |
| Build / train | 168 | |
| ESC pressed | 4 | |
| Enter build submenu | 42 | |
| Enter hero's abilities submenu | 7 | |
| Give item / drop item | 8 | |
| Right click | 1130 | |
| Select / deselect | 275 | |
| Select group hotkey | 631 | |
| Use ability | 211 | |
2720 total
» units
| Peasant | 15 | |
| Footman | 9 | |
| Gryphon Rider | 9 | |
33 total
» upgrades
| Masonry | 3 | |
| Swords | 3 | |
| Armor | 3 | |
| Defend | 1 | |
| Lumber Harvesting | 2 | |
| Animal War Training | 1 | |
| Storm Hammers | 2 | |
15 total
» buildings
| Altar of Kings | 1 | |
| Barracks | 1 | |
| Farm | 10 | |
| Lumber Mill | 1 | |
| Arcane Vault | 1 | |
| Keep | 3 | |
| Blacksmith | 1 | |
| Town Hall | 1 | |
| Scout Tower | 24 | |
| Guard Tower | 69 | |
| Castle | 2 | |
| Gryphon Aviary | 2 | |
116 total
» build order
00:38 Altar of Kings
00:40 Barracks
00:51 Farm
01:08 Farm
01:24 Lumber Mill
02:01 Farm
03:07 Farm
04:26 Farm
04:58 Arcane Vault
05:11 Keep
05:11 Keep
05:20 Blacksmith
05:35 Farm
05:47 Farm
07:20 Town Hall
07:22 Scout Tower
07:23 Scout Tower
07:25 Scout Tower
07:26 Scout Tower
07:44 Scout Tower
07:46 Scout Tower
07:50 Scout Tower
07:51 Scout Tower
07:54 Guard Tower
07:54 Guard Tower
07:55 Guard Tower
08:13 Guard Tower
08:14 Guard Tower
08:14 Guard Tower
08:20 Guard Tower
08:21 Guard Tower
08:22 Scout Tower
08:23 Guard Tower
08:23 Guard Tower
08:24 Guard Tower
08:25 Scout Tower
08:26 Guard Tower
08:26 Guard Tower
08:26 Guard Tower
08:32 Scout Tower
08:33 Scout Tower
08:36 Scout Tower
08:50 Guard Tower
08:50 Guard Tower
08:51 Guard Tower
08:51 Guard Tower
08:51 Guard Tower
08:51 Guard Tower
08:52 Guard Tower
09:01 Guard Tower
09:01 Guard Tower
09:02 Guard Tower
09:20 Guard Tower
09:21 Guard Tower
09:26 Castle
09:26 Castle
09:53 Scout Tower
09:54 Scout Tower
09:55 Scout Tower
09:58 Farm
10:38 Guard Tower
10:39 Guard Tower
11:38 Gryphon Aviary
11:39 Gryphon Aviary
12:00 Scout Tower
12:01 Scout Tower
12:52 Guard Tower
12:52 Guard Tower
12:53 Guard Tower
12:54 Guard Tower
12:54 Guard Tower
15:31 Scout Tower
15:31 Scout Tower
15:32 Scout Tower
15:33 Scout Tower
15:34 Scout Tower
15:36 Scout Tower
16:06 Guard Tower
16:06 Guard Tower
16:07 Guard Tower
16:10 Guard Tower
16:10 Guard Tower
16:10 Guard Tower
16:11 Guard Tower
16:12 Guard Tower
16:12 Guard Tower
16:16 Guard Tower
16:16 Guard Tower
17:31 Guard Tower
17:31 Guard Tower
17:31 Guard Tower
17:31 Guard Tower
22:42 Farm
22:44 Farm
» items
| Staff of Teleportation | 1 | |
| Periapt of Vitality | 1 | |
| Scroll of Regeneration | 5 | |
| Potion of Healing | 2 | |
| Scroll of Town Portal | 2 | |
| Tome of Retraining | 1 | |
12 total
team 2 (winner)
WelcomeToJamroC (
yellow | 71 APM | 1062 actions | 14:52)
3 Death Knight
1 Death Coil
2 Unholy Aura
1 Lich
1 Frost Nova
» actions
| Assign group hotkey | 19 | |
| Basic commands | 72 | |
| Build / train | 38 | |
| Enter build submenu | 12 | |
| Enter hero's abilities submenu | 4 | |
| Give item / drop item | 1 | |
| Right click | 296 | |
| Select / deselect | 114 | |
| Select group hotkey | 461 | |
| Use ability | 45 | |
1062 total
» units
| Acolyte | 5 | |
| Ghoul | 2 | |
| Crypt Fiend | 10 | |
| Obsidian Statue | 3 | |
| Gargoyle | 1 | |
21 total
» upgrades
| Creature Carapace | 2 | |
| Web | 1 | |
| Creature Attack | 1 | |
4 total
» buildings
| Altar of Darkness | 1 | |
| Ziggurat | 7 | |
| Crypt | 1 | |
| Graveyard | 1 | |
| Nerubian Tower | 2 | |
| Tomb of Relics | 1 | |
| Halls of the Dead | 1 | |
| Slaughterhouse | 1 | |
15 total
» build order
00:10 Altar of Darkness
00:13 Ziggurat
00:37 Crypt
01:01 Graveyard
01:11 Nerubian Tower
01:33 Tomb of Relics
01:40 Ziggurat
05:02 Halls of the Dead
05:25 Ziggurat
05:36 Nerubian Tower
05:58 Ziggurat
07:58 Slaughterhouse
10:33 Ziggurat
10:35 Ziggurat
11:56 Ziggurat
» items
| Dust of Appearance | 1 | |
| Rod of Necromancy | 1 | |
| Boots of Speed | 1 | |
| Scroll of Town Portal | 1 | |
4 total
bok (
red | 33 APM | 485 actions | 14:40)
3 Mountain King
1 Storm Bolt
2 Bash
2 Paladin
1 Holy Light
1 Divine Shield
» actions
| Build / train | 42 | |
| Enter build submenu | 19 | |
| Enter hero's abilities submenu | 5 | |
| Right click | 233 | |
| Select / deselect | 138 | |
| Use ability | 48 | |
485 total
» units
| Peasant | 8 | |
| Rifleman | 11 | |
| Forest Troll Shadow Priest | 1 | |
| Priest | 5 | |
| Mortar Team | 3 | |
28 total
» upgrades
| Gunpowder | 2 | |
| Armor | 2 | |
| Priest Training | 1 | |
5 total
» buildings
| Altar of Kings | 1 | |
| Farm | 11 | |
| Lumber Mill | 1 | |
| Barracks | 1 | |
| Blacksmith | 1 | |
| Keep | 1 | |
| Arcane Sanctum | 1 | |
| Workshop | 2 | |
| Castle | 1 | |
| Town Hall | 1 | |
21 total
» build order
00:16 Altar of Kings
00:23 Farm
00:50 Lumber Mill
01:07 Farm
01:48 Barracks
02:01 Blacksmith
02:48 Keep
02:54 Farm
03:36 Farm
04:16 Farm
04:55 Farm
05:35 Farm
06:25 Farm
06:30 Arcane Sanctum
07:35 Farm
08:23 Farm
08:32 Workshop
09:53 Farm
11:56 Castle
12:07 Workshop
12:38 Town Hall
BRADY-4TH-RING (
pink | 65 APM | 1859 actions | 28:27)
6 Shadow Hunter
2 Healing Wave
3 Hex
1 Big Bad Voodoo
2 Mountain King
2 Storm Bolt
» actions
| Assign group hotkey | 39 | |
| Basic commands | 18 | |
| Build / train | 61 | |
| Enter build submenu | 16 | |
| Enter hero's abilities submenu | 8 | |
| Give item / drop item | 4 | |
| Right click | 947 | |
| Select / deselect | 193 | |
| Select group hotkey | 497 | |
| Use ability | 76 | |
1859 total
» units
| Peon | 11 | |
| Troll Batrider | 4 | |
| Wind Rider | 7 | |
| Rifleman | 2 | |
| Mortar Team | 10 | |
| Peasant | 3 | |
37 total
» upgrades
| Ranged Weapons | 1 | |
| Reinforced Defenses | 1 | |
| Envenomed Spears | 1 | |
| Armor | 1 | |
| Liquid Fire | 1 | |
5 total
» buildings
| Altar of Storms | 1 | |
| Orc Burrow | 4 | |
| Voodoo Lounge | 1 | |
| Stronghold | 1 | |
| War Mill | 1 | |
| Watch Tower | 10 | |
| Beastiary | 2 | |
| Fortress | 2 | |
| Scout Tower | 5 | |
| Great Hall | 1 | |
28 total
» build order
00:08 Altar of Storms
00:19 Orc Burrow
01:05 Voodoo Lounge
02:05 Stronghold
02:09 War Mill
03:00 Orc Burrow
03:23 Watch Tower
03:23 Watch Tower
03:57 Orc Burrow
04:23 Watch Tower
04:31 Beastiary
04:42 Beastiary
05:55 Watch Tower
06:55 Fortress
06:55 Fortress
07:23 Watch Tower
07:23 Watch Tower
07:23 Watch Tower
09:14 Orc Burrow
13:46 Watch Tower
13:46 Watch Tower
20:31 Scout Tower
20:32 Scout Tower
20:32 Scout Tower
20:32 Scout Tower
20:33 Scout Tower
23:23 Great Hall
» items
| Healing Salve | 1 | |
| Staff of Teleportation | 1 | |
| Dust of Appearance | 1 | |
| Potion of Lesser Invulnerability | 2 | |
| Scroll of Town Portal | 2 | |
7 total
HeatMyBalls (
purple | 66 APM | 1870 actions | 28:27)
8 Archmage
3 Summon Water Elemental
3 Brilliance Aura
1 Mass Teleport
1 Blizzard
1 Mountain King
1 Avatar
» actions
| Assign group hotkey | 191 | |
| Basic commands | 61 | |
| Build / train | 85 | |
| Enter build submenu | 39 | |
| Enter hero's abilities submenu | 9 | |
| Give item / drop item | 4 | |
| Right click | 729 | |
| Select / deselect | 445 | |
| Select group hotkey | 172 | |
| Use ability | 135 | |
1870 total
» units
| Peasant | 12 | |
| Footman | 5 | |
| Gryphon Rider | 7 | |
| Dragonhawk Rider | 7 | |
31 total
» upgrades
| Lumber Harvesting | 2 | |
| Masonry | 3 | |
| Swords | 3 | |
| Armor | 5 | |
| Storm Hammers | 1 | |
| Cloud | 1 | |
| Animal War Training | 1 | |
16 total
» buildings
| Altar of Kings | 1 | |
| Barracks | 2 | |
| Farm | 7 | |
| Scout Tower | 20 | |
| Arcane Tower | 2 | |
| Arcane Vault | 1 | |
| Keep | 1 | |
| Lumber Mill | 1 | |
| Castle | 1 | |
| Town Hall | 1 | |
| Guard Tower | 5 | |
| Gryphon Aviary | 5 | |
| Blacksmith | 2 | |
49 total
» build order
00:37 Altar of Kings
00:39 Barracks
00:54 Barracks
00:57 Farm
01:00 Farm
01:22 Farm
01:31 Scout Tower
01:51 Farm
02:20 Arcane Tower
03:22 Arcane Vault
04:18 Keep
05:52 Lumber Mill
07:33 Castle
07:34 Scout Tower
08:22 Town Hall
08:28 Scout Tower
08:28 Scout Tower
08:29 Scout Tower
08:31 Scout Tower
08:34 Scout Tower
08:34 Scout Tower
08:35 Scout Tower
08:36 Scout Tower
09:03 Guard Tower
09:15 Arcane Tower
09:18 Scout Tower
09:18 Scout Tower
09:18 Scout Tower
09:19 Scout Tower
09:19 Scout Tower
10:57 Guard Tower
11:24 Gryphon Aviary
11:25 Gryphon Aviary
11:25 Gryphon Aviary
11:31 Farm
11:35 Blacksmith
11:37 Gryphon Aviary
11:43 Blacksmith
18:51 Farm
18:54 Scout Tower
18:54 Scout Tower
18:55 Scout Tower
18:55 Scout Tower
19:28 Guard Tower
19:38 Guard Tower
21:42 Guard Tower
» items
| Potion of Healing | 2 | |
| Mechanical Critter | 3 | |
| Dust of Appearance | 3 | |
| Scroll of Town Portal | 5 | |
| Scroll of Regeneration | 2 | |
| Periapt of Vitality | 2 | |
| Potion of Lesser Invulnerability | 1 | |
| Healing Salve | 1 | |
19 total
Chat log
(00:22 / Allies) reefer.cheefer: wizard did we just play together and u had tanks?
(00:27 / All) WelcomeToJamroC: ying ying ying on a mothafuck
(00:27 / Allies) WizzardMulatart: yup
(00:51 / Allies) reefer.cheefer: EVERYONE PAY ATTENTION! IF TEAL SAYS HELP HIM HELP HIM
(00:52 / Allies) WizzardMulatart: you didnt do well last time we played
(00:58 / All) BRADY-4TH-RING: call of duty or halo
(01:04 / All) Wasteland2.: wasteland 2
(01:08 / Allies) reefer.cheefer: na dude u wouyld attack the expo
(01:15 / All) BRADY-4TH-RING: wut is that
(01:27 / All) BRADY-4TH-RING: oh fock i forgot i had new vegas still
(01:27 / All) WelcomeToJamroC: u cant chose halo or call of duty... ur just either a fanboy of one or other
(01:27 / Allies) WizzardMulatart: scoreboard kiddo
(01:27 / All) Wasteland2.: a good rpg
(01:33 / All) BRADY-4TH-RING: dragon age 3 made me forget
(01:44 / All) WelcomeToJamroC: skyrim
(01:53 / All) BRADY-4TH-RING: skyrim > morrowind
(01:59 / All) WelcomeToJamroC: nah
(02:01 / Allies) reefer.cheefer: dude yall were human and asked me to get shaman fast so i did
(02:05 / All) WelcomeToJamroC: for its time morrowind
(02:13 / Allies) WizzardMulatart: yea i know, teal the gold jew did worse than you
(02:19 / All) Wasteland2.: skyrim sucks, worst elder scrolls game
(02:25 / All) Wasteland2.: not even mods can fix it
(02:26 / Allies) reefer.cheefer: well im goign to harrase him
(02:29 / All) WelcomeToJamroC: no obvlivion is worse man
(02:35 / Allies) reefer.cheefer: to smoothe th8ngis oput
(02:39 / All) Wasteland2.: oblivion has the best mods
(02:39 / All) BRADY-4TH-RING: skyrim has voice acted
(02:41 / All) Wasteland2.: it's great with mods
(02:47 / All) Wasteland2.: skyrim has shit mods
(04:11 / All) BRADY-4TH-RING: green can u give me a reefer
(04:23 / All) reefer.cheefer: kinda hard via bnet
(05:33 / All) BRADY-4TH-RING: lawl
(05:33 / Allies) WizzardMulatart: god damn you blue
(06:31 / Allies) Wasteland2.: I'm gonna expo bot left
(06:53 / Allies) WizzardMulatart: blue.....
(06:56 / Allies) WizzardMulatart: pay attention
(07:10 / Allies) WizzardMulatart: idiot blue
(07:13 / Allies) WizzardMulatart: pure idiot
(07:54 / Allies) WizzardMulatart: thats gonna die
(07:56 / Allies) WizzardMulatart: ...
(08:00 / Allies) Wasteland2.: nope
(08:45 / Allies) WizzardMulatart: get inside
(09:28 / Allies) WizzardMulatart: hes got bats
(10:03 / Allies) WizzardMulatart: pink bats keeping me in my base
(11:42 / Allies) Wasteland2.: ty
(14:15 / All) WizzardMulatart: pink lost the game for you
(14:18 / All) WelcomeToJamroC: fucking noob team lol
(14:18 / All) WizzardMulatart: harassing too much
(14:21 / All) WizzardMulatart: and not enough playing
(14:41 / All) WizzardMulatart: gj pink
(14:51 / All) WelcomeToJamroC: Red dying in ojs base didnt help either
(14:56 / All) BRADY-4TH-RING: lol
(15:01 / All) HeatMyBalls: red was retarded
(15:04 / All) HeatMyBalls: did he even tp
(15:14 / All) WizzardMulatart: it doesnt matter
(15:16 / All) WizzardMulatart: pink lost the game
(15:20 / All) WizzardMulatart: did he have any units???
(15:36 / Allies) reefer.cheefer: ya he had bats
(15:40 / Allies) WizzardMulatart: 4 of them
(15:41 / Allies) reefer.cheefer: but i had something waiting for him
(15:43 / Allies) WizzardMulatart: useless player
(15:54 / Allies) Wasteland2.: wood please
(15:57 / Allies) Wasteland2.: getting t3 to end it
(16:07 / Allies) Wasteland2.: wood
(16:16 / Allies) Wasteland2.: ty
(16:22 / Allies) reefer.cheefer: gold zpl
(17:22 / Allies) WizzardMulatart: we need more aa
(18:04 / Allies) reefer.cheefer: oj gold plz
(18:41 / Allies) WizzardMulatart: why
(18:54 / Allies) WizzardMulatart: orange is tking
(18:55 / Allies) WizzardMulatart: kill orange
(19:19 / Allies) WizzardMulatart: \guys
(19:21 / Allies) WizzardMulatart: orange is tking
(19:54 / Allies) WizzardMulatart: guys
(19:57 / Allies) WizzardMulatart: we need to kill orange
(19:59 / Allies) WizzardMulatart: or we gonna lose
(20:09 / All) BRADY-4TH-RING: i hate u teal!!
(21:05 / Allies) WizzardMulatart: guys
(21:07 / Allies) WizzardMulatart: ]
(21:31 / Allies) WizzardMulatart: look at that blue
(21:49 / All) HeatMyBalls: bats = zero skill
(22:41 / Allies) WizzardMulatart: blue and green
(22:43 / Allies) WizzardMulatart: get fucking back
(22:45 / Allies) WizzardMulatart: and listen to me
(22:47 / Allies) WizzardMulatart: kill orange
(22:58 / Allies) Wasteland2.: you can't if you tried
(23:02 / All) BRADY-4TH-RING: U LOST THIS TEAL
(23:07 / All) WizzardMulatart: nah
(23:13 / All) WizzardMulatart: youre butt buddy tked us
(23:15 / All) BRADY-4TH-RING: DUMB NIGGA LAWL
(23:27 / All) HeatMyBalls: I didn't have animal upgrade all game
(23:54 / All) BRADY-4TH-RING: it is gg gents
(23:57 / All) BRADY-4TH-RING: u can leave now
(24:12 / Allies) WizzardMulatart: reen
(24:13 / Allies) WizzardMulatart: green
(24:21 / Allies) WizzardMulatart: why arent yuou fucking paying atention
(24:25 / Allies) Wasteland2.: since they sjc'
(24:27 / Allies) Wasteland2.: they suck
(24:29 / Allies) Wasteland2.: like you
(24:35 / Allies) Wasteland2.: just give up
(24:39 / Allies) Wasteland2.: a better player is here and dominating you
(24:42 / Allies) Wasteland2.: quit and go search again
(24:58 / Allies) WizzardMulatart: ok
(24:59 / All) BRADY-4TH-RING: LEAVE PLZ
(25:02 / All) Wasteland2.: LAWL
(25:04 / All) BRADY-4TH-RING: i want my 25 win icon
(25:07 / All) Wasteland2.: I told him a better player is here dominating
(25:11 / All) Wasteland2.: and to leave and research
(25:12 / All) Wasteland2.: so he did
(25:30 / All) Wasteland2.: TEAL IS KILLING GREEN LMAO
(25:32 / All) Wasteland2.: HE IS HELPING ME
(25:35 / All) Wasteland2.: HE IS MAD THEY WON'T LISTEN
(26:32 / All) Wasteland2.: why is that gryph stuck
(26:33 / All) Wasteland2.: wtf
(26:40 / All) Wasteland2.: it's not moving
(26:51 / All) HeatMyBalls: war3 is glitchy
(27:00 / All) Wasteland2.: free blood mage
(27:22 / All) Wasteland2.: sending mk there too
(27:42 / All) Wasteland2.: green you can leave
(27:50 / All) Wasteland2.: lol
(27:57 / All) Wasteland2.: who wins and loses?
(28:05 / All) HeatMyBalls: your team
(28:07 / All) Wasteland2.: staffing bob there?
(28:11 / All) Wasteland2.: did you expect me to bolt him?